 Dungeon Crawl Stone Soup version 0.30.1-4-g462c640d31 (webtiles) character file.

Game seed: 6264019169827791940

57 Babbit the Covered (level 3, -1/33 HPs)
             Began as a Minotaur Fighter on Aug 25, 2023.
             Slain by a gnoll
             ... wielding a +0 spear
              (6 damage)
             ... on level 2 of the Dungeon.
             The game lasted 00:04:35 (1435 turns).

Babbit the Covered (Minotaur Fighter)               Turns: 1435, Time: 00:04:37

Health: -1/33      AC: 11    Str: 22    XL:     3   Next: 73%
Magic:  2/2        EV:  6    Int:  5    God:
Gold:   121        SH:  4    Dex:  9    Spells: 2/2 levels left

rFire   . . .        a - +0 war axe
rCold   . . .        c - +0 buckler
rNeg    . . .        m - +0 plate armour
rPois   .            (helmet restricted)
rElec   .            (no cloak)
rCorr   .            (no gloves)
SInv    .            (no boots)
Will    +....        (no amulet) Stlth
                     k - ring of willpower
HPRegen 0.25/turn    (no ring)
MPRegen 0.08/turn

%: no passive effects
@: lethally poisoned (-1 -> -10), flying
A: horns 2, retaliatory headbutt
a: no special abilities


You were on level 2 of the Dungeon.
You visited 1 branch of the dungeon, and saw 2 of its levels.

You collected 121 gold pieces.

Inventory:

Hand Weapons
 a - a +0 war axe (weapon)
Missiles
 g - a throwing net (quivered)
Armour
 c - a +0 buckler (worn)
 m - a +0 plate armour (worn)
Jewellery
 k - a ring of willpower (left hand)
Scrolls
 f - a scroll of identify {unknown}
 h - a scroll of enchant armour {unknown}
 i - a scroll of teleportation {unknown}
 j - a scroll of amnesia {unknown}
 l - a scroll of blinking {unknown}
Potions
 d - a potion of might


   Skills:
 + Level 4.1 Fighting
 + Level 3.4 Axes
 + Level 4.3 Armour
 + Level 4.1 Shields


You had 2 spell levels left.
You didn't know any spells.
Your spell library was empty.

Dungeon Overview and Level Annotations

Branches:
Dungeon (2/15)

Altars:


Innate Abilities, Weirdness & Mutations

You have a pair of horns on your head.
You reflexively headbutt those who attack you in melee.


Message History

You see here 18 gold pieces.
A gnoll comes into view. It is wielding a +1 spear of venom.
Found a leather armour.
The gnoll shouts!
A gnoll comes into view. It is wielding a +0 spear.
You block the gnoll's attack.
A frilled lizard comes into view.
The frilled lizard hisses angrily.
The gnoll closely misses you.
You barely miss the gnoll. The gnoll hits you but does no damage.
You slash the gnoll!
The gnoll is severely wounded.
The gnoll closely misses you. The gnoll hits you but does no damage.
The gnoll barely misses you. x2; The gnoll hits you with a +0 club.
The gnoll hits you from afar with a +1 spear of venom.
You are poisoned.
You hit the gnoll.
You kill the gnoll!
You feel very sick. You block the gnoll's attack. The gnoll barely misses you.
The gnoll hits you but does no damage.
You feel sick.
You feel sick. The gnoll hits you but does no damage.
The gnoll hits you from afar with a +1 spear of venom!
You are lethally poisoned!
The gnoll hits you from afar with a +0 spear.
You hit the gnoll. You headbutt the gnoll.
The gnoll is heavily wounded.
* * * LOW HITPOINT WARNING * * *
You feel very sick.
The gnoll hits you but does no damage. x4; You block the gnoll's attack.
The gnoll hits you with a +0 spear.
* * * LOW HITPOINT WARNING * * *
It was a potion of flight.
You feel very buoyant.
You fly up into the air.
* * * LOW HITPOINT WARNING * * *
You feel very sick. The gnoll hits you with a +0 spear.
You die...

+.......# ...
#######.########.. #
##.##.....#.. #.
#.........#.. #..
#####.....##..... #...
#.......####.###. #..[.
#.#...#.# ...#...
.....g##$#.###.#.####.##
.....gg@.#.# ..# #.#
...##l####.# ### #.# #
..# #.# ### #.# #.# #.##
.. #... .[##############
................


You could see 3 gnolls and a frilled lizard.

Vanquished Creatures
  A gnoll (D:2)
  A dart slug (D:2)
  3 ball pythons (D:1)
  6 bats (D:1)
  3 endoplasms
  2 giant cockroaches
  6 goblins
  3 hobgoblins (D:1)
  5 jackals (D:1)
  A quokka (D:1)
  2 frilled lizards (D:1)
  5 kobolds (D:1)
  A rat (D:1)
39 creatures vanquished.

Notes
Turn   | Place    | Note
-------+----------+-------------------------------------------
     0 | D:1      | Babbit the Minotaur Fighter began the quest for the Orb.
     0 | D:1      | Reached XP level 1. HP: 19/19 MP: 0/0
   119 | D:1      | Reached XP level 2. HP: 27/27 MP: 1/1
   518 | D:1      | Reached XP level 3. HP: 33/33 MP: 2/2
   753 | D:1      | Found a faded altar of an unknown god.
  1435 | D:2      | Slain by a gnoll

Illustrated notes

Levels and vault maps discovered:
D:1:      nicolae_arrival_washed_ashore, layout_basic,
          shapermc_ecumenical_altar_mp_ritualfount
D:2:      layout_basic, serial_glass, glass_columns_b, glass_columns_a

Skill      XL: |  1  2  3 |
---------------+----------+-----
Shields        | 4 |  4.1
Fighting       | 4 |  4.1
Axes           | 3 |  3.4
Armour         | 4 |  4.3

Action                     || total
---------------------------++-------
  Melee: War axe           ||    72
         Headbutt          ||     5
    Use: Potion            ||     1
 Armour: Scale mail        ||    35
         Plate armour      ||     9
  Dodge: Dodged            ||    35
  Block: Buckler           ||    11
